 Dungeon Crawl Stone Soup version 0.18.1-1-g2f07953 (webtiles) character file.

68884 moxian the Cleaver (level 14, -4/165 HPs)
             Began as a Demonspawn Gladiator on May 7, 2016.
             Was an Elder of Ashenzari.
             Slain by a frost giant
             ... wielding a +0 battleaxe of freezing
              (26 damage)
             ... in an ice cave.
             The game lasted 02:35:09 (30235 turns).

moxian the Cleaver (Demonspawn Gladiator)          Turns: 30235, Time: 02:35:10

Health: -4/165     AC: 27    Str: 19    XL:     14   Next: 88%
Magic:  22/22      EV:  2    Int:  9    God:    Ashenzari [****..]
Gold:   1438       SH:  0    Dex: 16    Spells: 4 memorised, 15 levels left

rFire  + . .     SeeInvis +     D - +2 war axe "Hiovaik" {flame, Str+3} (curse)
rCold  + + +     Gourm    .     (armour currently unavailable)
rNeg   + + +     Faith    +     (no shield)
rPois  +         Spirit   .     (helmet unavailable)
rElec  .         Dismiss  .     (cloak currently unavailable)
rCorr  +         Reflect  .     (gloves currently unavailable)
SustAt .         Harm     .     (boots currently unavailable)
MR     ++...     Clarity  +     p - amulet of faith (curse)
Stlth  +++....... NoTele   +    A - ring "Deich" {rCorr *Contam rPois rF+ rC+++} (curse)
                                S - ring of protection from magic

@: tree-form, very slightly contaminated, very resistant to hostile
enchantments, fairly stealthy
A: (horns 0), rough black scales 3, nightstalker 2, powered by pain 2, wild
magic 1
a: Curse Item, Scrying, Renounce Religion


You were in an ice cave.
You worshipped Ashenzari.
Ashenzari was greatly pleased with you.
You were hungry.
You were a tree.
You visited 3 branches of the dungeon, and saw 21 of its levels.
You also visited: Labyrinth, Sewer, Ice Cave and Volcano.

You collected 1438 gold pieces.

Inventory:

Hand Weapons
 B - a +0 battleaxe
 D - the cursed +2 war axe "Hiovaik" (weapon) {flame, Str+3}
   (You found it on level 8 of the Dungeon)

   It has been specially enchanted to burn those struck by it, causing extra
   injury to most foes and up to half again as much damage against particularly
   susceptible opponents.
   Big, fiery blades are also staple armaments of hydra-hunters.
   It affects your strength (+3).
   It has a curse placed upon it.
Missiles
 i - 752 stones
 G - 17 tomahawks (quivered)
Armour
 y - the +8 scale mail "Yjae" {Regen+}
   (You found it in an ice cave)

   It increases your rate of regeneration.
 U - the cursed +1 ring mail of the Fiend (melded) {MP+9}
   (You found it on level 10 of the Dungeon)

   It affects your magic capacity (+9).
   It has a curse placed upon it.
 W - a cursed +2 pair of boots (melded)
Jewellery
 p - a cursed amulet of faith (around neck)
 A - the cursed ring "Deich" (right branch) {rCorr *Contam rPois rF+ rC+++}
   (You found it on level 4 of the Lair of Beasts)

   [ring of resist corrosion]

   It protects you from fire.
   It renders you almost immune to cold.
   It protects you from poison.
   It causes magical contamination when unequipped.
   It has a curse placed upon it.
 S - a ring of protection from magic (left branch)
Wands
 b - a wand of paralysis (20/24)
 c - a wand of polymorph (13/24)
 e - a wand of digging (10/24)
 w - a wand of teleportation (2/9)
 z - a wand of disintegration (22/24)
 E - a wand of flame (34/48)
 F - a wand of flame (18/48)
Scrolls
 a - a scroll of vulnerability
 k - 6 scrolls of teleportation
 r - 2 scrolls of magic mapping
 t - 5 scrolls of immolation
 v - a scroll of fear {unknown}
Potions
 d - a potion of ambrosia
 g - 4 potions of flight
 h - 2 potions of agility
 j - a potion of lignification
 l - a potion of cancellation
 o - a potion of brilliance
 q - a potion of curing
 s - a potion of berserk rage {unknown}
 C - 3 potions of heal wounds {unknown}
 O - a potion of magic {unknown}
 X - a potion of might {unknown}
Miscellaneous
 x - a plain deck of wonders {drawn: 1}
 L - a box of beasts
 Q - a plain deck of summoning {drawn: 2}
Comestibles
 f - 15 bread rations
 m - 10 fruits
 n - 6 meat rations
 u - 12 chunks of flesh
 Z - a slice of pizza


   Skills:
 - Level 10.0 Fighting
 + Level 12.2(15.7) Axes
   Level 5.5(9.8) Maces & Flails
 - Level 7.1 Throwing
 - Level 4.0 Armour
 - Level 11.5 Dodging
 - Level 6.2 Unarmed Combat
 - Level 5.4 Spellcasting
 - Level 6.4(8.8) Conjurations
 + Level 2.3(4.1) Summonings
 - Level 4.9(7.1) Fire Magic
 - Level 3.6(5.7) Air Magic
 - Level 3.9(6.0) Poison Magic


You had 15 spell levels left.
You knew the following spells:

 Your Spells              Type           Power        Failure   Level  Hunger
a - Conjure Flame         Conj/Fire      ###.....     4%          3    ###....
b - Mephitic Cloud        Conj/Pois/Air  ###.....     8%          3    ###....
c - Apportation           Tloc           #.........   28%         1    #......
d - Summon Butterflies    Summ           ##......     8%          1    #......


Dungeon Overview and Level Annotations

Branches:
Dungeon (12/15)            Temple (1/1) D:7            Lair (8/8) D:11
 Shoals (0/4) Lair:6       Spider (0/4) Lair:3        Slime (0/6) Lair:7
    Orc: D:9-12

Altars:
Ashenzari
Cheibriados
Dithmenos
Elyvilon
Fedhas
Makhleb
Nemelex Xobeh
Okawaru
Pakellas
Qazlal
Ru
Sif Muna
Trog
Vehumet
Xom
Yredelemnul
Zin
The Shining One

Shops:
D:9 :   D:11 (

Annotations:
D:4 !sigmund grinder menkaure, Grinder, Menkaure, Sigmund
D:11 exclusion: mottled dragon
Lair:4 vault with dire elephant
Lair:8 exclusion: 3 doors


Innate Abilities, Weirdness & Mutations

((You have a pair of large horns on your head.))
(You are completely covered in rough black scales (AC +10, Dex -3).)
You are significantly more attuned to the shadows.
You sometimes gain power by taking damage.
Your spells are a little harder to cast, but a little more powerful.


Message History

A polar bear comes into view.
Evoke which item? (* to show all) (? for menu, Esc to quit)
Zapping:
F - a wand of flame (will waste charges)
Press: ? - help, Shift-Dir - straight line, f/p - frost giant
Aim: a frost giant, wielding a battleaxe of freezing (almost dead)
The puff of flame hits the frost giant.
The frost giant appears unharmed.
The frost giant is almost dead.
Evoking this partially-identified wand wasted a few charges.
The frost giant gestures at you while chanting.
The bolt of cold hits you! You resist.
* * * LOW HITPOINT WARNING * * *
Drink which item? (? for menu, Esc to quit)
You feel better.
The frost giant hits you but does no damage.
Drink which item? (? for menu, Esc to quit)
You feel better.
You hit the frost giant. You burn the frost giant.
The frost giant is almost dead.
The frost giant hits you with a battleaxe of freezing!!
You die...

#### ########## ##.#.
#hhC##...########.#.⌠
*#..{##♣†.##...#..#.###.
hC§§# ########..#..#####
, .h§# ≈ #..#####.≈≈# ,


hh# ≈ ##..##..≈#≈≈ * h.,*** ≈ ≈≈ ≈###...##≈≈≈ * {* ≈ ≈ #####≈≈≈# ** * ** ≈≈
≈≈#≈≈≈ * **,,,*, ** ≈≈≈≈≈≈≈ ** * , ≈ ≈≈≈≈≈# You could see a frost giant and 2
polar bears.

Vanquished Creatures
  Nessos (Lair:8)
  A minotaur (Lab)
  8 hydras
  14 death yaks
  A hill giant (D:11)
  A wolf spider (Lair:3)
  3 griffons
  An oklob plant (Lair:7)
  4 manticores
  3 sirens (Lair:6)
  2 centaur zombies
  6 black mambas
  5 elephants (Lair:4)
  12 spiny frogs
  A gargoyle (D:12)
  A centaur skeleton (D:11)
  A kobold demonologist (D:10)
  10 rime drakes
  6 komodo dragons
  A jumping spider (Lair:3)
  11 polar bears
  2 trolls
  A two-headed ogre (D:8)
  A merfolk (Lair:6)
  18 blink frogs
  A redback (Lair:3)
  A spriggan (D:8)
  2 shadows
  83 yaks
  5 basilisks
  5 wyverns
  16 hippogriffs
  7 hungry ghosts
  3 hell hounds (Lair:7)
  14 water moccasins
  12 porcupines
  3 ice beasts
  2 sky beasts (D:6)
  2 orc warriors (D:11)
  2 wasps
  33 wolves
  A black bear (D:5)
  4 ogres
  4 centaurs
  18 crocodiles
  3 big kobolds
  20 giant frogs
  A gnoll sergeant (D:9)
  6 killer bees
  4 wights (D:12)
  A howler monkey (D:5)
  4 electric eels
  5 crimson imps
  5 lava snakes
  A giant frog zombie (D:11)
  A quasit (D:11)
  2 jellies
  8 hounds
  6 orc priests
  8 orc wizards
  A giant frog skeleton (D:3)
  10 iguanas
  Ijyb (D:2)
  14 sheep
  A killer bee zombie (D:9)
  2 hound zombies (D:6)
  A hound skeleton (D:10)
  2 worker ant zombies
  11 gnolls
  8 adders
  49 river rats
  5 shadow imps
  An adder skeleton (D:7)
  3 dart slugs
  9 giant geckos
  26 orcs
  8 bats
  2 giant cockroaches
  10 goblins
  8 hobgoblins
  11 jackals
  3 quokkas
  4 ball pythons
  A giant cockroach zombie (D:5)
  2 giant gecko skeletons
  5 giant newts
  A jackal skeleton (D:8)
  22 kobolds
  A quokka zombie (D:7)
  9 rats
  A butterfly (D:7)
  7 fungi
  2 plants
649 creatures vanquished.

Vanquished Creatures (others)
  52 fungi
  30 plants
  8 toadstools (Lair:4)
90 creatures vanquished.

Grand Total: 739 creatures vanquished

Notes
Turn   | Place    | Note
--------------------------------------------------------------
     0 | D:1      | moxian the Demonspawn Gladiator began the quest for the Orb.
     0 | D:1      | Reached XP level 1. HP: 16/16 MP: 1/1
   388 | D:1      | Gained mutation: You sometimes gain a little power by taking damage. [demonic ancestry]
   388 | D:1      | Reached XP level 2. HP: 22/22 MP: 2/2
   714 | D:1      | You fall through a shaft!
   920 | D:2      | Gained mutation: You have a pair of small horns on your head. [demonic ancestry]
   920 | D:2      | Reached XP level 3. HP: 27/27 MP: 3/3
  1476 | D:2      | Noticed Ijyb
  1512 | D:2      | Killed Ijyb
  1512 | D:2      | Gained mutation: You are slightly more attuned to the shadows. [demonic ancestry]
  1512 | D:2      | Reached XP level 4. HP: 33/33 MP: 4/4
  2285 | D:3      | Gained mutation: Your spells are a little harder to cast, but a little more powerful. [potion of mutation]
  2285 | D:3      | Gained mutation: Your mind is acute. (Int +2) [potion of mutation]
  2285 | D:3      | Lost mutation: Your mind is acute. (Int +2) [potion of mutation]
  3146 | D:3      | Gained mutation: You have a pair of horns on your head. [demonic ancestry]
  3146 | D:3      | Reached XP level 5. HP: 15/38 MP: 5/5
  3411 | D:3      | Reached skill level 5 in Dodging
  3826 | D:4      | Noticed Grinder
  3829 | D:4      | Noticed Menkaure
  3872 | D:4      | Gained mutation: You are partially covered in rough black scales (AC +4, Dex -1). [demonic ancestry]
  3872 | D:4      | Reached XP level 6. HP: 36/44 MP: 6/6
  3953 | D:5      | Entered Level 5 of the Dungeon
  4062 | D:4      | Noticed Sigmund
  4190 | D:5      | Reached skill level 5 in Maces & Flails
  4375 | D:5      | Gained mutation: You are significantly more attuned to the shadows. [demonic ancestry]
  4375 | D:5      | Reached XP level 7. HP: 50/50 MP: 7/7
  5003 | D:6      | Found a glowing drain.
  5010 | Sewer    | Entered a sewer
  5016 | Sewer    | Reached skill level 1 in Unarmed Combat
  5136 | Sewer    | Found a white marble altar of Elyvilon.
  6021 | D:7      | Noticed a hippogriff
  6028 | D:7      | Killed a hippogriff
  6028 | D:7      | Gained mutation: You are mostly covered in rough black scales (AC +7, Dex -2). [demonic ancestry]
  6028 | D:7      | Reached XP level 8. HP: 32/58 MP: 8/8
  6486 | D:7      | Found a burning altar of Makhleb.
  6486 | D:7      | Found a glowing golden altar of the Shining One.
  6582 | D:7      | Found a staircase to the Ecumenical Temple.
  6587 | Temple   | Entered the Ecumenical Temple
  6656 | Temple   | Became a worshipper of Ashenzari the Shackled
  6777 | D:7      | Reached skill level 5 in Fighting
  7273 | D:8      | Noticed a two-headed ogre
  7860 | D:8      | Gained mutation: You have a pair of large horns on your head. [demonic ancestry]
  7860 | D:8      | Reached XP level 9. HP: 63/74 MP: 9/9
  7976 | D:8      | Found a shadowy altar of Dithmenos.
  7984 | D:8      | Found an oddly glowing altar of Pakellas.
  7991 | D:8      | Found a glowing silver altar of Zin.
  7998 | D:8      | Found a sparkling altar of Nemelex Xobeh.
  8007 | D:8      | Got the cursed war axe "Hiovaik" {flame, Str+3}
  8536 | D:9      | Found Buismimu's Book Boutique.
  8634 | D:9      | Found a shattered altar of Ashenzari.
  9307 | D:9      | Reached * piety under Ashenzari
  9796 | D:9      | Identified the cursed +2 war axe "Hiovaik" {flame, Str+3} (You found it on level 8 of the Dungeon)
 10020 | D:9      | Noticed a troll
 10026 | D:9      | Killed a troll
 10044 | D:9      | Reached XP level 10. HP: 66/83 MP: 10/10
 10050 | D:9      | Reached skill level 1 in Axes
 10451 | D:10     | Entered Level 10 of the Dungeon
 10601 | D:10     | Reached skill level 2 in Axes
 10800 | D:10     | Reached skill level 3 in Axes
 10849 | D:10     | Identified the cursed +1 ring mail of the Fiend {MP+9}
 11336 | D:10     | Reached skill level 4 in Axes
 11373 | D:10     | Reached skill level 5 in Axes
 11755 | D:11     | Found Aneogih's Antique Weapon Boutique.
 11859 | D:11     | Reached skill level 6 in Axes
 11865 | D:11     | Noticed a manticore
 12122 | D:11     | Noticed a manticore
 12128 | D:11     | Killed a manticore
 12283 | D:11     | Reached skill level 7 in Axes
 12523 | D:11     | Killed a manticore
 12523 | D:11     | Reached skill level 5 in Throwing
 12818 | D:11     | Noticed a hill giant
 12823 | D:11     | Killed a hill giant
 12823 | D:11     | Gained mutation: You are completely covered in rough black scales (AC +10, Dex -3). [demonic ancestry]
 12823 | D:11     | Reached XP level 11. HP: 74/89 MP: 11/11
 12870 | D:11     | Found a staircase to the Lair.
 13733 | Lair:1   | Entered Level 1 of the Lair of Beasts
 13945 | Lair:1   | Reached skill level 5 in Unarmed Combat
 14062 | Lair:1   | HP: 4/133 [blink frog (10)]
 14063 | Lair:1   | HP: 1/133 [blink frog (7)]
 15282 | Lair:2   | Reached ** piety under Ashenzari
 15575 | Lair:2   | Noticed a seven-headed hydra
 15779 | Lair:2   | Found a dark tunnel.
 15904 | Volcano  | Entered a volcano
 16318 | Volcano  | Found a radiant altar of Vehumet.
 16749 | Lair:2   | Reached skill level 10 in Dodging
 16888 | Lair:2   | Killed a five-headed hydra
 17025 | Lair:2   | Reached XP level 12. HP: 61/95 MP: 12/12
 19163 | Lair:3   | Found a hole to the Spider Nest.
 19312 | Lair:4   | Reached skill level 10 in Fighting
 19729 | D:8      | Reached skill level 1 in Armour
 19942 | Lair:1   | Learned a level 3 spell: Conjure Flame
 19946 | Lair:1   | Learned a level 3 spell: Mephitic Cloud
 20051 | Lair:4   | Reached skill level 1 in Spellcasting
 20051 | Lair:4   | Reached skill level 1 in Conjurations
 20254 | Lair:4   | Identified the ring "Deich" {rCorr *Contam rPois rF+ rC+++}
 20937 | Lair:4   | Reached skill level 1 in Air Magic
 20987 | Lair:4   | Reached skill level 1 in Poison Magic
 21181 | Lair:4   | Noticed a dire elephant
 21181 | Lair:4   | Noticed a catoblepas
 21515 | Lair:5   | Reached skill level 1 in Fire Magic
 21551 | Lair:5   | Reached *** piety under Ashenzari
 21596 | Lair:5   | Noticed a seven-headed hydra
 21610 | Lair:5   | Killed a two-headed hydra
 21815 | Lair:5   | Identified the +6 great mace of Annihilation {drain, rPois rN+ Dex-2}
 21826 | Lair:5   | Reached XP level 13. HP: 101/103 MP: 17/17
 22380 | Lair:6   | Identified the ring of the Final Decision {Ice Str+4 Dex+4}
 22448 | Lair:6   | Found a labyrinth entrance.
 22482 | Lab      | Entered a labyrinth
 23346 | Lab      | Noticed a minotaur
 23358 | Lab      | Killed a minotaur
 23369 | Lab      | Identified the ring of the Eight Blessings {rPois Str+4 Int+2}
 23398 | Lair:6   | Learned a level 1 spell: Apportation
 23400 | Lair:6   | Learned a level 1 spell: Summon Butterflies
 23525 | Lair:6   | Found a staircase to the Shoals.
 24301 | Lair:7   | Found a staircase to the Slime Pits.
 24669 | Lair:7   | Reached skill level 5 in Conjurations
 25041 | Lair:7   | Reached **** piety under Ashenzari
 25221 | Lair:7   | Reached skill level 5 in Spellcasting
 26241 | Lair:7   | Gained mutation: You sometimes gain power by taking damage. [demonic ancestry]
 26241 | Lair:7   | Reached XP level 14. HP: 99/110 MP: 22/22
 26244 | Lair:7   | Reached skill level 8 in Axes
 26393 | Lair:8   | Entered Level 8 of the Lair of Beasts
 26910 | Lair:8   | Reached skill level 9 in Axes
 27458 | Lair:8   | Noticed Nessos
 27644 | Lair:8   | Killed Nessos
 27644 | Lair:8   | Reached skill level 10 in Axes
 28313 | Lair:8   | Reached skill level 11 in Axes
 29415 | D:12     | Found a frozen archway.
 29433 | IceCv    | Entered an ice cave
 29633 | IceCv    | Identified the +8 scale mail "Yjae" {Regen+}
 29714 | IceCv    | Reached skill level 12 in Axes
 30026 | IceCv    | Reached skill level 1 in Summonings
 30179 | IceCv    | Noticed a frost giant
 30235 | IceCv    | Slain by a frost giant

Skill      XL: |  1  2  3  4  5  6  7  8  9 10 11 12 13 14 |
---------------+-------------------------------------------+-----
Throwing       | 2 3 5 7 |  7.1
Dodging        | 3 4 5 8 10 11 | 11.5
Maces & Flails | 3 5 |  5.5
Unarmed Combat | 4 6 |  6.2
Fighting       | 3 8 9 10 | 10.0
Axes           | 7 12 | 12.2
Armour         | 4 |  4.0
Spellcasting   | 2 5 |  5.4
Conjurations   | 3 6 |  6.4
Air Magic      | 2 3 |  3.6
Poison Magic   | 1 3 |  3.9
Fire Magic     | 1 4 |  4.9
Summonings     | 2 |  2.3

Action                   |  1- 3 |  4- 6 |  7- 9 | 10-12 | 13-15 || total
-------------------------+-------+-------+-------+-------+-------++-------
Melee: Flail             |   107 |   157 |   359 |       |       ||   623
       Headbutt          |     6 |    26 |    80 |   190 |   220 ||   522
       Punch             |       |       |     9 |    23 |    30 ||    62
       Whip              |       |       |    37 |       |       ||    37
       War axe           |       |       |    15 |   827 |   893 ||  1735
Throw: Throwing net      |     3 |     2 |       |       |       ||     5
       Stone             |     2 |    23 |       |    45 |    14 ||    84
       Tomahawk          |       |       |       |    28 |    31 ||    59
 Cast: Conjure Flame     |       |       |       |       |     9 ||     9
       Mephitic Cloud    |       |       |       |       |     4 ||     4
Invok: Curse Item        |       |       |     1 |     2 |     1 ||     4
Evoke: Wand              |       |       |       |     1 |     1 ||     2
       Deck              |       |       |       |       |     3 ||     3
  Use: Potion            |       |     3 |       |     7 |     7 ||    17
       Scroll            |       |     2 |     9 |     9 |     5 ||    25
 Stab: Held in net/web   |     2 |       |       |       |       ||     2
       Sleeping          |       |     3 |    14 |    16 |    14 ||    47
       Distracted        |       |       |       |     5 |     4 ||     9
       Confused          |       |       |       |       |     2 ||     2
  Eat: Chunk             |     2 |     9 |    15 |    33 |    25 ||    84
       Pizza             |       |       |     1 |     2 |       ||     3
       Royal jelly       |       |       |     1 |     1 |       ||     2
       Beef jerky        |       |       |       |     1 |     4 ||     5
       Fruit             |       |       |       |       |     2 ||     2
Armor: Leather armour    |    30 |    29 |    97 |   180 |       ||   336
       Skin              |       |       |       |    11 |     3 ||    14
       Ring mail         |       |       |       |    50 |   285 ||   335
Dodge: Dodged            |    87 |   101 |   296 |   682 |   733 ||  1899
